AoeStats
← RD | Omaradames

Arabia

506430844Analyzed
4v4 RM · 17d ago on Sep 13, 2026· 25m 13s· 8 players
Game mode
Random Map
Map size
Large (8 player)
Population
200
Speed
Normal
Resources
Standard
Victory
Conquest
Starting age
Dark Age
Ending age
Imperial Age
RankedLock teamsTeams togetherTeam positionsShared explorationLock speedFull tech treeHidden civsTurbo modeCheats
Victory
Defeat
🇩🇴 Maya · Dominican Republic
1594
+10
🇩🇴 Britons · Dominican Republic
1381
+19
🇩🇴 Saracens · Dominican Republic
1356
+20
🇩🇴 Goths · Dominican Republic
1350
+19
🇨🇭 Franks · Switzerland
1475
-18
🇻🇳 Franks · Vietnam
1468
-18
🇦🇺 Romans · Australia
1460
-18
🇲🇽 Muisca · Mexico
1377
-14
RD | Lina
0:32 Loom
9:52 Feudal Age
10:30 Double-Bit Axe
11:38 Horse Collar
13:55 Fletching
18:41 Padded Archer Armor
24:27 Castle Age
23:00 Gold Mining
25:12 Bodkin Arrow
24:39 Crossbowman
RD | Nfasis
7:01 Loom
9:17 Feudal Age
9:58 Double-Bit Axe
17:25 Wheelbarrow
18:49 Scale Barding Armor
19:00 Bloodlines
22:44 Castle Age
20:34 Horse Collar
21:38 Forging
23:54 Chain Barding Armor
25:18 Iron Casting
RD | Omaradames
1:15 Loom
10:05 Feudal Age
12:11 Double-Bit Axe
13:10 Horse Collar
23:40 Castle Age
22:51 Scale Mail Armor
23:01 Forging
RD | Drakes
7:27 Loom
10:55 Feudal Age
15:27 Double-Bit Axe
16:19 Fletching
17:33 Horse Collar
21:08 Wheelbarrow
24:55 Castle Age
23:47 Gold Mining
25:06 Crossbowman
25:46 Bodkin Arrow
Avila1997
6:30 Loom
9:25 Feudal Age
14:45 Fletching
16:39 Padded Archer Armor
16:31 Double-Bit Axe
24:29 Castle Age
lorddoc
3:47 Loom
9:32 Feudal Age
14:00 Double-Bit Axe
15:35 Scale Barding Armor
21:45 Castle Age
21:08 Forging
22:13 Light Cavalry
22:54 Husbandry
23:43 Chain Barding Armor
Lightning
6:35 Loom
9:29 Feudal Age
9:41 Man-at-Arms
11:14 Scale Mail Armor
12:34 Double-Bit Axe
17:06 Fletching
23:59 Castle Age
24:00 Forging
25:10 Chain Mail Armor
24:18 Long Swordsman
24:59 Squires
shogun
6:54 Loom
9:41 Feudal Age
16:18 Forging
17:40 Scale Barding Armor
21:28 Double-Bit Axe
22:55 Wheelbarrow
27:33 Castle Age
Connection lost

Rejoining the realm…

Still unreachable

The connection could not be restored.

Session expired

The server has moved on; the page needs a fresh start.